 Dungeon Crawl Stone Soup version 0.19-a0-1049-g462a813 (webtiles) character file.

28 Jmtri7 the Charlatan (level 3, 0/29 HPs)
             Began as a Formicid Artificer on July 31, 2016.
             Slain by an adder (4 damage)
             ... on level 2 of the Dungeon.
             The game lasted 00:05:19 (1267 turns).

Jmtri7 the Charlatan (Formicid Artificer)           Turns: 1267, Time: 00:05:20

Health: 0/29       AC:  8    Str: 16    XL:     3   Next: 30%
Magic:  5/5        EV:  7    Int: 10    God:
Gold:   30         SH:  0    Dex: 12    Spells: 0 memorised, 2 levels left

rFire  . . .     SeeInvis +     g - +0 dagger (vamp)
rCold  . . .     Gourm    .     j - +0 chain mail
rNeg   . . .     Faith    .     (no shield)
rPois  .         Spirit   .     (helmet unavailable)
rElec  .         Dismiss  .     (no cloak)
rCorr  .         Reflect  .     (no gloves)
SustAt .         Harm     .     (no boots)
MR     .....                    (no amulet)
Stlth  ..........               (no ring)
                                (no ring)

@: lethally poisoned (0 -> -2), not resistant to hostile enchantments, extremely
unstealthy
A: permanent stasis, dig shafts and tunnels, four strong arms, antennae 3
a: Dig, Shaft Self


You were on level 2 of the Dungeon.
You were not hungry.

You visited 1 branch of the dungeon, and saw 2 of its levels.

You collected 30 gold pieces.

Inventory:

Hand Weapons
 g - a +0 vampiric dagger (weapon)
 m - a +2 mace of protection
Missiles
 h - 19 poisoned needles
Armour
 b - a +0 leather armour
 j - a +0 chain mail (worn)
 l - a +0 ring mail
Wands
 c - a wand of flame (9/48)
 d - a wand of enslavement (15/24)
 e - a wand of random effects (15/48)
Scrolls
 a - 2 scrolls of remove curse {unknown}
Potions
 i - 3 potions of curing {unknown}
 k - a potion of invisibility {unknown}
Comestibles
 f - a chunk of flesh
 n - a beef jerky


   Skills:
 + Level 3.2 Fighting
 - Level 1.0 Short Blades
 - Level 1.7 Dodging
 - Level 1.2 Stealth
 - Level 3.2 Evocations


You had 2 spell levels left.
You didn't know any spells.

Dungeon Overview and Level Annotations

Branches:
Dungeon (2/15)

Altars:


Innate Abilities, Weirdness & Mutations

You are under a permanent stasis effect.
You can dig through walls and to a lower floor.
Your four strong arms can wield two-handed weapons with a shield.
You have a pair of large antennae on your head. (SInv)


Message History

The adder is heavily wounded.
The adder bites you.
* * * LOW HITPOINT WARNING * * *
Zapping:
c - a wand of flame (12/48)
Press: ? - help, Shift-Dir - straight line, f - adder
Aim: an adder (heavily wounded)
The puff of flame misses the adder.
This wand has 11 charges left.
You feel sick. The adder bites you but does no damage.
Zapping:
c - a wand of flame (11/48)
Press: ? - help, Shift-Dir - straight line, f/p - adder
Aim: an adder (heavily wounded)
The puff of flame hits the adder.
The adder is severely wounded.
This wand has 10 charges left.
The adder bites you but does no damage.
Zapping:
c - a wand of flame (10/48)
Press: ? - help, Shift-Dir - straight line, f/p - adder
Aim: an adder (severely wounded)
The puff of flame misses the adder.
This wand has 9 charges left.
The adder bites you.
You die...

#.# { .)# #
#.# #! #.#
#.. ..#
#..###.# #
#......# ..#
#....@##..###
####..S......
#.###....#
###.# .#..
#...# # ###.#
######.#
#....#.#
#.#.##.#


You could see an adder.

Vanquished Creatures
  2 worms (D:2)
  3 dart slugs (D:1)
  A giant cockroach (D:1)
  A goblin (D:1)
  3 hobgoblins (D:1)
  2 kobolds (D:1)
  3 bats (D:1)
  A giant newt (D:1)
  A rat (D:1)
17 creatures vanquished.

Notes
Turn   | Place    | Note
-------+----------+-------------------------------------------
     0 | D:1      | Jmtri7 the Formicid Artificer began the quest for the Orb.
     0 | D:1      | Reached XP level 1. HP: 15/15 MP: 3/3
   428 | D:1      | Reached XP level 2. HP: 22/22 MP: 4/4
  1066 | D:1      | Reached XP level 3. HP: 26/28 MP: 5/5
  1267 | D:2      | Slain by an adder

Vault maps used:
D:1:      saegor_arrival_simple_d
D:2:      overflow_temple_1_default, overflow_temple_1_default,
          ecumenical_altar_1

Skill      XL: |  1  2  3 |
---------------+----------+-----
Fighting       | 2 3 |  3.2
Short Blades   | |  1.0
Dodging        | |  1.7
Stealth        | |  1.2
Evocations     | |  3.2

Action                   || total
-------------------------++-------
Melee: Spear             ||    32
       Mace              ||    18
       Dagger            ||    62
Evoke: Wand              ||     6
  Eat: Bread ration      ||     1
       Chunk             ||     1
Armor: Leather armour    ||     5
       Chain mail        ||    59
Dodge: Dodged            ||    37
